 Dungeon Crawl Stone Soup version 0.15.0-11-g6f4f891 (webtiles) character file.

72 Kold the Cutter (level 4, -4/23 HPs)
             Began as a Vine Stalker Berserker on Aug 31, 2014.
             Was a Believer of Trog.
             Killed from afar by an orc wizard (8 damage)
             ... with a magic dart
             ... on Level 3 of the Dungeon.
             The game lasted 00:06:14 (1321 turns).

Kold the Cutter (Vine Stalker Berserker)            Turns: 1321, Time: 00:06:15

HP  -4/23        AC  2     Str 20      XL: 4   Next: 25%
MP   0/5         EV 12     Int  7      God: Trog [**....]
Gold 74          SH  0     Dex 14      Spells:  0 memorised,  3 levels left

rFire  + . .     SeeInvis .     a - +0 short sword
rCold  . . .     Clarity  .     b - +0 animal skin
rNeg   . . .     rCorr    .     (no shield)
rPois  .         rRot     +     (no helmet)
rElec  .         Spirit   +     (no cloak)
SustAb .         Warding  .     (no gloves)
rMut   .         Stasis   .     (no boots)
Gourm  .                        (no amulet)
MR     .....                    (no ring)
                                e - ring of protection from fire

@: not resistant to hostile enchantments, unstealthy
A: fangs 2, regeneration 1, magic shield, antimagic bite, no device heal 3, rot
immunity
a: Burn Spellbooks, Berserk, Trog's Hand, Renounce Religion


You were on level 3 of the Dungeon.
You worshipped Trog.
Trog was pleased with you.
You were hungry.

You visited 1 branch of the dungeon, and saw 3 of its levels.

You collected 74 gold pieces.

Inventory:

Hand weapons
 a - a +0 short sword (weapon)
Missiles
 d - 2 throwing nets (quivered)
Armour
 b - a +0 animal skin (worn)
Comestibles
 c - a bread ration
 h - 3 beef jerkies
Scrolls
 f - a scroll of fog {unknown}
 j - a scroll of fear {unknown}
 k - a scroll of amnesia {unknown}
 l - 3 scrolls of remove curse {unknown}
 p - 2 scrolls of identify {unknown}
 q - a scroll of teleportation {unknown}
 r - a scroll of blinking {unknown}
Jewellery
 e - a ring of protection from fire (left hand)
Potions
 g - a potion of poison {unknown}
 i - a potion of confusion {unknown}
 m - a potion of mutation {unknown}
 n - a potion of agility {unknown}
 s - a potion of heal wounds {unknown}


   Skills:
 - Level 2.6 Fighting
 + Level 3.6 Short Blades
 - Level 1.5 Armour
 - Level 1.5 Dodging
 + Level 3.5 Stealth


You had 3 spell levels left.
You didn't know any spells.

Dungeon Overview and Level Annotations

Branches:
Dungeon (3/15)

Altars:


Innate Abilities, Weirdness & Mutations

You have extremely sharp teeth.
Your natural rate of healing is unusually fast.
When hurt, damage is shared between your health and your magic reserves.
Your bite disrupts and absorbs the magic of your enemies.
Potions and wands cannot restore your health.
You are immune to rotting.


Message History

You closely miss something. You bite something. The giant cockroach bites you.
You hear some strange, mumbled words.
The puff of flame hits you! You resist.
You miss something. Your bite misses something. The giant cockroach bites you.
You hit something. Something barely misses you.
The giant cockroach closely misses you.
You hit the giant cockroach. Your bite misses the giant cockroach.
The giant cockroach is severely wounded.
Something hits you.
The giant cockroach completely misses you.
Something barely misses you.
You barely miss the giant cockroach.
The giant cockroach is severely wounded.
The giant cockroach bites you.
You hear some strange, mumbled words.
The magic dart hits you!
* * * LOW HITPOINT WARNING * * *
The giant cockroach bites you but does no damage.
The magic dart hits you!
You die...

##..........# #.
##<#.##.#### #..
####.#.##.# #..#
#.........# ###..#
####.###### #..#.. #.#
#..#.## #.#
.#.#.....#####.#
.....8.8s.@.##.######
.#.#...o.##..........>
#..#.#####..##....
#..#.. #..##.# ###..#
##...#.###.# #..#
#..........# #..
###...#.##### #.
#.......# ####.####


You could see an orc and a giant cockroach.

Vanquished Creatures
  2 adders (D:2)
  A worm (D:2)
  2 giant geckos (D:1)
  An orc (D:2)
  4 bats
  A giant cockroach (D:2)
  6 goblins
  7 hobgoblins
  3 jackals (D:2)
  4 giant newts
  6 kobolds
  3 rats (D:1)
40 creatures vanquished.

Notes
Turn   | Place    | Note
--------------------------------------------------------------
     0 | D:1      | Kold, the Vine Stalker Berserker, began the quest for the Orb.
     0 | D:1      | Reached XP level 1. HP: 11/11 MP: 1/1
   113 | D:1      | Reached skill level 1 in Stealth
   156 | D:1      | Reached XP level 2. HP: 5/16 MP: 3/3
   548 | D:1      | Acquired Trog's second power
   548 | D:1      | Reached skill level 3 in Short Blades
   668 | D:2      | Reached XP level 3. HP: 16/19 MP: 2/4
  1056 | D:2      | Reached XP level 4. HP: 18/23 MP: 3/5
  1321 | D:3      | Killed from afar by an orc wizard

Action                   |  1- 3 |  4- 6 || total
-------------------------+-------+-------++-------
Melee: Short sword       |   117 |    21 ||   138
Invok: Trog's Hand       |       |     1 ||     1
 Stab: Sleeping          |     2 |     1 ||     3
  Eat: Chunk             |       |     1 ||     1
